 Dungeon Crawl Stone Soup version 0.29.1-15-g9cfb28693d (webtiles) character file.

Game seed: 8387582620651487616

25 Ast3rio the Magician (level 3, 0/25 HPs)
             Began as a Djinni Necromancer on Mar 14, 2023.
             Slain by an adder (1 damage)
             ... on level 2 of the Dungeon.
             The game lasted 00:01:57 (1313 turns).

Ast3rio the Magician (Djinni Necromancer)           Turns: 1313, Time: 00:01:58

Health: 0/25       AC:  2    Str:  9    XL:     3   Next: 17%
Gold:   76         EV: 12    Int: 16    God:
                   SH:  0    Dex: 13

rFire   + + .      SeeInvis .   (no weapon)
rCold   x . .      Faith    .   (no shield)
rNeg    . . .      Spirit   .   a - +0 robe
rPois   ∞          Reflect  .   (no helmet)
rElec   .          Harm     .   (no cloak)
rCorr   .          Rampage  .   (no gloves)
Will    .....                   (boots unavailable)
Stlth   ++........              (no amulet)
HPRegen 0.08/turn               (no ring)
MPRegen 0.00/turn               (no ring)

@: flying
A: sickness immunity, fire resistance 2, cold vulnerability 1, float, innate
caster, HP casting, extra vitality 1
a: no special abilities


You were on level 2 of the Dungeon.
You visited 1 branch of the dungeon, and saw 2 of its levels.

You collected 76 gold pieces.

Inventory:

Armour
 a - a +0 robe (worn)
Scrolls
 f - a scroll of blinking {unknown}
 g - a scroll of poison {unknown}
 h - a scroll of enchant armour {unknown}
 i - a scroll of magic mapping {unknown}
 k - a scroll of teleportation {unknown}
Potions
 b - 2 potions of haste {unknown}
 c - a potion of heal wounds {unknown}
 d - a potion of degeneration {unknown}
 e - a potion of might {unknown}
 j - a potion of curing {unknown}


   Skills:
 + Level 2.8 Dodging
 + Level 2.1 Stealth
 + Level 3.5 Spellcasting


You couldn't memorise any spells.
You knew the following spells:

 Your Spells              Type           Power      Damage    Failure   Level
a - Necrotise             Necr           56%        1d6       4%          1
b - Vampiric Draining     Necr           14%        2d7       13%         3
c - Animate Dead          Necr           14%        N/A       38%         4
d - Agony                 Necr           14%        N/A       75%         5
e - Sandblast             Erth           28%        2d8       4%          1
Your spell library was empty.

Dungeon Overview and Level Annotations

Branches:
Dungeon (2/15)

Altars:


Innate Abilities, Weirdness & Mutations

You are immune to sickness and miasma.
You are immune to poison.
Your flesh is very heat resistant. (rF++)
You are vulnerable to cold. (rC-)
You float through the air rather than walking.
You learn spells naturally, not from books.
Your magical power is your life essence.
You have superior vitality. (+4 MHP)


Message History

Your jackal skeleton bites the jackal but does no damage. x2
Your jackal skeleton barely misses the jackal.
The jackal bites your jackal skeleton.
Your jackal skeleton closely misses the jackal.
Your jackal skeleton bites the jackal but does no damage. x2
The jackal bites your jackal skeleton.
Your jackal skeleton bites the jackal.
Your jackal skeleton bites the jackal but does no damage.
The jackal bites your jackal skeleton.
Your jackal skeleton barely misses the jackal.
Your jackal skeleton barely misses the jackal.
Your jackal skeleton bites the jackal but does no damage.
The jackal bites your jackal skeleton.
Your jackal skeleton is destroyed!
Your jackal skeleton closely misses the jackal.
The jackal barely misses your jackal skeleton.
Your jackal skeleton closely misses the jackal.
Casting: Necrotise (safe; 4% risk of failure)
Confirm with . or Enter, or press ? or * to list all spells.
Aiming: Necrotise (safe; 4% risk of failure)
Press: ? - help, Shift-Dir - straight line, f - adder
Aim: an adder (chance to affect: 76%)
The adder writhes in agony.
* * * LOW HITPOINT WARNING * * *
Your jackal skeleton barely misses the jackal.
The jackal bites your jackal skeleton.
Your jackal skeleton bites the jackal but does no damage.
Unknown command.
Casting: Necrotise (safe; 4% risk of failure)
Confirm with . or Enter, or press ? or * to list all spells.
Aiming: Necrotise (safe; 4% risk of failure)
Press: ? - help, Shift-Dir - straight line, f/p - adder
Aim: an adder (heavily wounded, chance to affect: 76%)
The adder writhes in agony.
* * * LOW HITPOINT WARNING * * *
Your jackal skeleton bites the jackal.
The jackal dies!
The adder closely misses you. The adder attacks as you move away!
The adder bites you.
You die...

..≈≈## ...≈≈# ....≈# ....≈#
############## ♣♣♣..+
.......#..>..## ♣♣♣..+
#............?## ....≈#
...............# ....≈#
...............##### ...≈≈#
.......@S..........# ..≈≈##
........ZZ.......... .≈≈##
.................... ≈≈##
#................... ≈####
##.....#...†........ ##..#
###########........
#...#################........
....##.......................
.......##############........


You could see an adder (ally target) and 2 friendly jackal skeletons.

Vanquished Creatures
  A bat (D:2)
  2 endoplasms
  3 hobgoblins
  3 jackals (D:2)
  2 kobolds (D:1)
  A quokka (D:2)
  3 ball pythons
  A frilled lizard (D:1)
  3 goblins (D:1)
  A rat (D:2)
20 creatures vanquished.

Vanquished Creatures (collateral kills)
  A jackal (D:2)
  A frilled lizard (D:2)
2 creatures vanquished.

Grand Total: 22 creatures vanquished

Notes
Turn   | Place    | Note
-------+----------+-------------------------------------------
     0 | D:1      | Ast3rio the Djinni Necromancer began the quest for the Orb.
     0 | D:1      | Ast3rio set off with the following spells memorised:
                  | Necrotise, Vampiric Draining, Animate Dead, Agony.
     0 | D:1      | Reached XP level 1. HP: 15/15 MP: 0/0
   446 | D:1      | Reached XP level 2. HP: 18/21 MP: 0/0
   667 | D:1      | Found a faded altar of an unknown god.
  1300 | D:2      | Reached XP level 3. HP: 13/25 MP: 0/0
  1300 | D:2      | Learned a level 1 spell: Sandblast
  1313 | D:2      | Slain by an adder

Illustrated notes

Levels and vault maps discovered:
D:1:      lemuel_arrival_rhombus, layout_loops_corners, serial_glass,
          glass_columns_a, glass_columns_a, due_unseen_surprise,
          item_on_display_a, item_on_display_a, basic_ecumenical_altar,
          serial_bayou_pond_c
D:2:      cheibrodos_fertilizer, layout_rooms, serial_shops,
          nicolae_shop_behind_doors, shop_fountains, nicolae_shop_waterfront,
          kennysheep_cross_room, uniq_terence, uniq_robin

Skill      XL: |  1  2 |
---------------+-------+-----
Stealth        | 2 |  2.1
Dodging        | |  2.8
Spellcasting   | |  3.5

Action                   || total
-------------------------++-------
Melee: Unarmed           ||     1
 Cast: Necrotise         ||    38
Armor: Robe              ||     8
Dodge: Dodged            ||    16
